 Dungeon Crawl Stone Soup version 0.28.0-45-g0d030f2227 (webtiles) character file.

Game seed: 8709534801677555300

9648 pkoi the Frost Mage (level 11, -16/129 HPs)
             Began as a Demigod Ice Elementalist on Apr 5, 2022.
             Shot with an arrow by a centaur warrior (18 damage)
             ... on level 12 of the Dungeon.
             The game lasted 00:30:11 (14595 turns).

pkoi the Frost Mage (Demigod Ice Elementalist)     Turns: 14595, Time: 00:30:11

Health: -16/129    AC: 40    Str:  9    XL:     11   Next: 5%
Magic:  21/22      EV:  2    Int: 35    God:
Gold:   1967       SH:  0    Dex: 14    Spells: 4/20 levels left

rFire   + . .      SeeInvis .   b - +1 shortbow
rCold   + . .      Faith    .   (shield currently unavailable)
rNeg    . . .      Spirit   .   (armour currently unavailable)
rPois   +          Reflect  .   (helmet currently unavailable)
rElec   +          Harm     .   (cloak currently unavailable)
rCorr   +          Rampage  .   (gloves currently unavailable)
Will    +....      NoTele   +   (boots currently unavailable)
Stlth   ++........              D - amulet of magic regeneration
HPRegen 0.31/turn               g - +4 ring of protection
MPRegen 0.58/turn               d - +6 ring of intelligence

@: ice-armoured, tree-form, resistant, freezing walls
A: stationary, stasis, torment immunity, boosted hp, high MP 1, forlorn, divine
attributes
a: no special abilities


You were on level 12 of the Dungeon.
You were a tree.
You visited 1 branch of the dungeon, and saw 12 of its levels.
You also visited: Sewer.

You collected 2567 gold pieces.
You spent 600 gold pieces at shops.

Inventory:

Hand Weapons
 b - a +1 shortbow (weapon)
 j - a +0 spear
 J - a +1 whip of electrocution
Missiles
 n - 149 arrows (quivered ammo)
 F - 2 throwing nets
 I - a curare-tipped dart
Armour
 c - a +0 pair of gloves (melded)
 h - the +2 cloak of Rezianiul (melded) {Int+6 SInv}
   (You bought it in a shop on level 2 of the Dungeon)

   Int:       It affects your intelligence (+6).
   SInv:      It lets you see invisible.
 k - a +1 robe of cold resistance (melded)
 o - a +1 pair of boots (melded)
Magical Staves
 a - a staff of cold
Jewellery
 d - a +6 ring of intelligence (right branch)
 g - a +4 ring of protection (left branch)
 l - a ring of resist corrosion
 m - a ring of poison resistance
 u - a ring of fire
 x - a +4 ring of evasion
 A - a ring of ice
 D - an amulet of magic regeneration (around neck)
 H - a ring of positive energy
 P - a ring of protection from cold
Wands
 q - a wand of mindburst (17)
 C - a wand of iceblast (11)
Scrolls
 f - a scroll of fog
 p - 5 scrolls of teleportation
 v - 3 scrolls of blinking
 y - 4 scrolls of magic mapping
 z - 2 scrolls of fear
 Q - 6 scrolls of enchant armour
Potions
 e - a potion of resistance
 r - 2 potions of might
 s - a potion of cancellation
 t - 5 potions of flight
 w - 2 potions of berserk rage
 B - a potion of invisibility
 E - a potion of haste
 K - 4 potions of curing
 L - 2 potions of attraction {unknown}


   Skills:
 - Level 5.0 Fighting
 * Level 5.8 Bows
 - Level 6.0 Dodging
 - Level 1.7 Stealth
 - Level 5.0 Spellcasting
 + Level 7.2 Conjurations
 + Level 4.1 Fire Magic
 + Level 9.2 Ice Magic


You had 4 spell levels left.
You knew the following spells:

 Your Spells              Type           Power      Damage    Failure   Level
a - Freeze                Ice            100%       1d11      1%          1
b - Frozen Ramparts       Ice            100%       1d12      1%          3
c - Ozocubu's Armour      Ice            65%        N/A       1%          3
d - Hailstorm             Conj/Ice       61%        3d13      1%          4
e - Fireball              Conj/Fire      24%        3d11      11%         5

Your spell library contained the following spells:

 Spells                   Type           Power      Damage    Failure   Level
 Dazzling Flash           Conj/Hex       68%        N/A       2%          3
 Stone Arrow              Conj/Erth      68%        3d11      2%          3
 Sandblast                Erth           16%        2d6       4%          1
 Sticky Flame             Conj/Fire      48%        2d7       4%          4
 Passwall                 Tmut/Erth      6%         N/A       6%          2
 Portal Projectile        Hex/Tloc       16%        N/A       12%         3
 Blade Hands              Tmut           4%         N/A       75%         5
 Excruciating Wounds      Necr           4%         N/A       75%         5
 Malign Gateway           Summ/Tloc      4%         N/A       100%        7
 Summon Horrible Things   Summ           4%         N/A       100%        8


Dungeon Overview and Level Annotations

Branches:
Dungeon (12/15)              Lair (0/6) D:8           Sewer (visited)
 Temple: D:4-7          Orc: D:9-12

Shops:
D:2 [*   D:4 *   D:9 *

Annotations:
D:5 3 runed translucent doors, gzilladon's ghost, weakling HOMo
D:7 2 transporters, Modestlyawesome's ghost, novice DsGl
D:8 2 transporters, pkoi's ghost, novice OpAE
D:10 3 runed translucent doors, Hrothgar's ghost, journeyman TrFi


Innate Abilities, Weirdness & Mutations

You are a tree.
Your roots penetrate the ground, keeping you stationary.
You cannot be teleported.
You are immune to unholy pain and torment.
Your maximum health is greatly increased.
Your equipment is partially melded.
You have an increased reservoir of magic. (+10% MP)
You shall have no god before yourself.
Your divine heritage dramatically boosts your attributes as you level up.


Message History

* * * LOW HITPOINT WARNING * * *
The yaktaur barely misses you.
You hear a shout!
Fire: 151 arrows
Press: ? - help, Q - select action, (/) - cycle Shift-Dir - straight line, f/p - yaktaur
Aim: a yaktaur, quivering bolts (moderately wounded, 84% to hit)
You shoot an arrow. The arrow hits the yaktaur.
The yaktaur is moderately wounded.
The wall freezes the centaur warrior!
The centaur warrior shoots an arrow.
The arrow misses you.
The yaktaur hits you but does no damage.
The wall freezes the centaur warrior but does no damage.
The centaur warrior shoots an arrow.
The arrow hits you!
* * * LOW HITPOINT WARNING * * *
Fire: 150 arrows
Press: ? - help, Q - select action, (/) - cycle Shift-Dir - straight line, f/p - yaktaur
Aim: a yaktaur, quivering bolts (moderately wounded, 84% to hit)
You shoot an arrow. The arrow hits the yaktaur!
The yaktaur is severely wounded.
The wall freezes the centaur warrior.
The centaur warrior shoots an arrow.
The arrow hits you!
* * * LOW HITPOINT WARNING * * *
The yaktaur hits you but does no damage.
Really quaff the potion of lignification?
You turn into a tree.
The +2 cloak of Rezianiul {Int+6 SInv} melds into your body.
Your +0 pair of gloves melds into your body.
Your +1 pair of boots melds into your body.
Your +1 robe of cold resistance melds into your body.
You feel less resistant to cold.
Your roots penetrate the ground.
The wall freezes the centaur warrior.
The centaur warrior shoots an arrow.
The arrow hits you but does no damage.
The yaktaur hits you but does no damage.
The wall freezes the centaur warrior!
The centaur warrior shoots an arrow.
The arrow barely misses you.
It was a potion of resistance.
You feel protected.
The wall freezes the centaur warrior.
The centaur warrior shoots an arrow.
The arrow hits you!!
You die...

#.... .... #....# #....
....######....# #....
..............# +....
..............# #....
..............######....
........................
.......c...#########....
.......♣...# #....
...#######c# #.... #.#
#.... #.#########....
#..............
##++###..............
.......c.............
##.....c..###........
#.....#### #........


You could see a centaur warrior and a yaktaur.

Vanquished Creatures
  A two-headed ogre (D:11)
  An ugly thing (D:12)
  A cyclops (D:11)
  A manticore (D:7)
  Maggie (D:6)
  A komodo dragon (D:12)
  3 trolls
  Sigmund (D:3)
  A shadow (D:9)
  5 yaks (D:6)
  Grum (D:11)
  Menkaure (D:6)
  Edmund (D:5)
  A water moccasin (D:9)
  2 sky beasts (D:7)
  An ice beast (D:7)
  3 orc warriors
  3 ogres
  4 necrophages (D:9)
  6 wolves
  3 centaurs
  4 kobold brigands
  Blork the orc (D:4)
  3 gnoll sergeants
  A wyvern zombie (D:9)
  A water moccasin skeleton (D:5)
  A wyvern skeleton (D:6)
  6 wights
  2 electric eels (D:8)
  6 centaur zombies
  4 hounds
  2 jellies
  7 orc priests
  4 gnoll shamans
  2 iguanas (D:5)
  A scorpion zombie (D:5)
  Natasha (thrice) (D:4)
  12 orc wizards
  2 killer bee zombies
  A hound skeleton (D:4)
  A mummy (D:9)
  3 howler monkey zombies (D:9)
  8 adders
  34 gnolls
  5 river rats (Sewer)
  An ufetubus (D:6)
  4 worms
  3 dart slugs
  26 orcs
  13 ball pythons
  13 bats
  5 endoplasms
  6 giant cockroaches
  6 goblins
  A hobgoblin (D:1)
  4 jackals
  25 kobolds
  8 quokkas
  5 frilled lizards
  7 rats
283 creatures vanquished.

Vanquished Creatures (others)
  A frilled lizard (D:2)
  4 withered plants (D:9)
5 creatures vanquished.

Grand Total: 288 creatures vanquished

Notes
Turn   | Place    | Note
-------+----------+-------------------------------------------
     0 | D:1      | pkoi the Demigod Ice Elementalist began the quest for the
                  | Orb.
     0 | D:1      | Reached XP level 1. HP: 14/14 MP: 5/5
   282 | D:1      | Reached skill level 4 in Ice Magic
   550 | D:1      | Reached XP level 2. HP: 18/20 MP: 5/7
  1910 | D:2      | Reached XP level 3. HP: 26/26 MP: 2/8
  1910 | D:2      | Found Xishroph's Antique Armour Shoppe.
  2068 | D:2      | Bought a runed robe for 77 gold pieces
  2176 | D:2      | Found Pamnyedu's Assorted Antiques.
  2360 | D:3      | Identified a scroll of acquirement
  2360 | D:3      | Acquired 558 gold pieces
  2389 | D:2      | Bought a shimmering cloak for 285 gold pieces
  2389 | D:2      | Identified the +2 cloak of Rezianiul {Int+6 SInv} (You
                  | bought it in a shop on level 2 of the Dungeon)
  2408 | D:3      | Learned a level 3 spell: Frozen Ramparts
  2433 | D:3      | Noticed a centaur
  2450 | D:3      | Killed a centaur
  2451 | D:3      | Reached skill level 1 in Fighting
  2451 | D:3      | Reached skill level 5 in Ice Magic
  2451 | D:3      | Reached XP level 4. HP: 33/35 MP: 2/9
  2822 | D:3      | Reached XP level 5. HP: 40/40 MP: 5/11
  3282 | D:3      | Learned a level 4 spell: Hailstorm
  3669 | D:3      | Noticed Sigmund
  3705 | D:3      | Killed Sigmund
  3706 | D:3      | Reached skill level 1 in Conjurations
  3706 | D:3      | Reached XP level 6. HP: 36/48 MP: 9/13
  3892 | D:4      | Noticed Natasha
  3894 | D:4      | Killed Natasha
  3978 | D:4      | Found a glowing drain.
  3990 | Sewer    | Entered a sewer
  4936 | D:4      | Found Fupn's Assorted Antiques.
  4978 | D:4      | Reached XP level 7. HP: 56/56 MP: 10/14
  5184 | D:4      | Learned a level 3 spell: Ozocubu's Armour
  5268 | D:4      | Noticed Natasha
  5278 | D:4      | Killed Natasha
  5330 | D:4      | Noticed Blork the orc
  5338 | D:4      | Killed Blork the orc
  5919 | D:4      | Noticed Natasha
  5929 | D:4      | Killed Natasha
  5930 | D:4      | Reached skill level 6 in Ice Magic
  6028 | D:5      | Entered Level 5 of the Dungeon
  6194 | D:5      | Reached skill level 1 in Bows
  6611 | D:5      | Found a runed translucent gate.
  6611 | D:5      | Found a runed translucent gate.
  6611 | D:5      | Found a runed translucent gate.
  6727 | D:5      | Noticed gzilladon's ghost (weakling HOMo)
  7515 | D:6      | Noticed Menkaure
  7521 | D:6      | Killed Menkaure
  7522 | D:6      | Reached XP level 8. HP: 55/63 MP: 13/16
  7598 | D:6      | Noticed Edmund
  7643 | D:5      | Killed Edmund
  7768 | D:6      | Reached skill level 7 in Ice Magic
  8053 | D:6      | Reached XP level 9. HP: 71/71 MP: 14/18
  8340 | D:6      | Acquired the Compendium of Conjuration
  8348 | D:6      | Learned a level 5 spell: Fireball
  8443 | D:6      | Noticed Maggie
  8456 | D:6      | Killed Maggie
  8457 | D:6      | Reached skill level 5 in Conjurations
  8825 | D:7      | Reached skill level 1 in Fire Magic
  8834 | D:7      | Noticed a manticore
  8844 | D:7      | Killed a manticore
  9105 | D:7      | Reached skill level 5 in Dodging
  9254 | D:7      | Reached skill level 8 in Ice Magic
  9324 | D:7      | Found a transporter.
  9335 | D:7      | Noticed Modestlyawesome's ghost (novice DsGl)
  9561 | D:7      | Found a transporter.
 10449 | D:8      | Reached XP level 10. HP: 77/80 MP: 18/20
 10522 | D:8      | Found a staircase to the Lair.
 10860 | D:8      | Acquired 1210 gold pieces
 11104 | D:8      | Found a transporter.
 11106 | D:8      | Noticed pkoi's ghost (novice OpAE)
 11108 | D:8      | Noticed a two-headed ogre
 11111 | D:8      | Found a transporter.
 12100 | D:9      | Reached skill level 5 in Fighting
 12277 | D:9      | Reached skill level 5 in Spellcasting
 12878 | D:9      | Found Xeuxaid's Assorted Antiques.
 12933 | D:9      | Bought a scroll of blinking for 172 gold pieces
 12933 | D:9      | Bought a scroll labelled SOLI ROL PEITOSA for 23 gold
                  | pieces
 12933 | D:9      | Bought a fizzy yellow potion for 20 gold pieces
 12933 | D:9      | Bought a scroll labelled YPTAMI DUALUER for 23 gold pieces
 13202 | D:10     | Entered Level 10 of the Dungeon
 13204 | D:10     | Found a runed translucent gate.
 13204 | D:10     | Found a runed translucent gate.
 13204 | D:10     | Found a runed translucent gate.
 13215 | D:10     | Noticed Hrothgar's ghost (journeyman TrFi)
 13216 | D:10     | Noticed a necromancer
 13217 | D:10     | Noticed an ogre mage
 13778 | D:10     | Reached skill level 9 in Ice Magic
 14140 | D:11     | Noticed a two-headed ogre
 14151 | D:11     | Killed a two-headed ogre
 14152 | D:11     | Reached skill level 5 in Bows
 14221 | D:11     | Noticed Grum
 14233 | D:11     | Killed Grum
 14324 | D:11     | Noticed a cyclops
 14331 | D:11     | Killed a cyclops
 14467 | D:11     | You fall into a shaft and drop 1 floor!
 14467 | D:12     | Noticed a cyan ugly thing
 14492 | D:12     | Killed a cyan ugly thing
 14493 | D:12     | Reached XP level 11. HP: 72/86 MP: 11/22
 14577 | D:12     | Noticed a centaur warrior
 14593 | D:12     | HP: 1/86 [centaur warrior/arrow (15)]
 14595 | D:12     | Shot with an arrow by a centaur warrior

Illustrated notes

Levels and vault maps discovered:
D:1:      dpeg_arrival_stonehenge_12_columns, layout_basic,
          ebering_ecumenical_altar_mist
D:2:      layout_basic, serial_shops,
          nicolae_shop_temple_entry_statues_fountains,
          nicolae_shop_window_shopping, lemuel_old_faithful
D:3:      layout_loops_ring, uniq_sigmund
D:4:      layout_loops_ring, serial_shops, nicolae_shop_waterfront,
          portal_sewer_entry_d, uniq_natasha, uniq_blork_the_orc
D:5:      layout_loops_ring, pf_just_have_faith, ebering_ghost_rock_garden,
          minmay_checkerbox
D:6:      layout_rooms, grunt_gozag_statues, minmay_temple_entry_from_below_b,
          uniq_menkaure, uniq_edmund, uniq_maggie
D:7:      layout_gridville, grunt_dithmenos_smoke_and_mirrors,
          gammafunk_ghost_stat_death, serial_co_window_serial,
          co_window_paths_a, co_window_of_opportunity_a, co_window_paths_a,
          co_window_corner_a, co_window_of_opportunity_a, co_window_2corner,
          co_window_broadway_a, co_window_broadway_a, co_window_corner_b,
          co_window_unsneaky_path_d, co_window_broadway_b, co_window_paths_d,
          glass_columns_a
D:8:      layout_loops_corners, grunt_temple_overflow_open, erik_lair_island,
          gammafunk_ghost_smash
D:9:      layout_irregular_city, serial_shops, nicolae_stop_n_shop_1,
          serial_undead, serial_undead_b, serial_undead_f, serial_undead_c,
          serial_undead_e
D:10:     layout_roguey, ebering_ghost_gozag
D:11:     minmay_the_grid_four_pointed_star_mashed
          [minmay_the_grid_triangle_9x9_from_above,
          minmay_the_grid_triangle_9x9_steps,
          minmay_the_grid_triangle_9x9_stretched_checkered,
          minmay_the_grid_triangle_9x9_impossible_snake,
          minmay_the_grid_prize_inner_circle], layout_loops_ring,
          minmay_fractal_squares_gapless_7, uniq_grum
D:12:     layout_irregular_city, uniq_nessos

Skill      XL: |  1  2  3  4  5  6  7  8  9 10 |
---------------+-------------------------------+-----
Ice Magic      | 4 5 6 7 8 9 |  9.2
Fighting       | 1 2 3 4 5 |  5.0
Dodging        | 2 3 4 5 6 |  6.0
Spellcasting   | 2 3 4 5 |  5.0
Conjurations   | 1 2 3 4 6 7 |  7.2
Bows           | 1 2 3 5 |  5.8
Fire Magic     | 2 4 |  4.1
Stealth        | |  1.7

Action                   |  1- 3 |  4- 6 |  7- 9 | 10-12 || total
-------------------------+-------+-------+-------+-------++-------
Melee: Unarmed           |    13 |       |       |       ||    13
       Spear             |    18 |     5 |       |       ||    23
       Whip              |     9 |    16 |    13 |       ||    38
       Punch             |     1 |     1 |     1 |       ||     3
       Staff             |       |       |    11 |       ||    11
 Fire: Shortbow          |       |     4 |   228 |   366 ||   598
 Cast: Freeze            |    50 |    96 |     3 |     5 ||   154
       Frozen Ramparts   |     1 |     6 |    55 |    40 ||   102
       Ozocubu's Armour  |       |       |    46 |    34 ||    80
       Hailstorm         |       |       |     7 |     5 ||    12
       Fireball          |       |       |       |     1 ||     1
  Use: Scroll            |     4 |     2 |     5 |    10 ||    21
       Potion            |       |       |       |     2 ||     2
 Stab: Sleeping          |     5 |       |       |       ||     5
Armor: Robe              |    20 |    33 |    97 |   145 ||   295
       Skin              |       |       |       |     2 ||     2
Dodge: Dodged            |    44 |    70 |   139 |   164 ||   417
